 Dungeon Crawl Stone Soup version 0.21-a0-221-gfe971b9 (webtiles) character file.

531 suicidejoker the Insei (level 7, -8/57 HPs)
             Began as a Gnoll Monk on Aug 24, 2017.
             Mangled by an ogre
             ... wielding a +0 giant spiked club
              (14 damage)
             ... on level 4 of the Dungeon.
             The game lasted 00:13:42 (5495 turns).

suicidejoker the Insei (Gnoll Monk)                 Turns: 5495, Time: 00:13:43

Health: -8/57      AC:  4    Str:  7    XL:     7   Next: 24%
Magic:  13/13      EV: 13    Int:  7    God:
Gold:   158        SH:  0    Dex:  7    Spells: 13/14 levels left

rFire    . . .     SeeInvis .   m - +0 dagger (venom)
rCold    + + .     Gourm    .   (no shield)
rNeg     . . .     Faith    .   a - +0 robe
rPois    .         Spirit   .   (no helmet)
rElec    .         Reflect  .   j - +0 cloak
rCorr    .         Harm     +   k - +0 pair of gloves
MR       .....                  (no boots)
Stlth    ++........             q - amulet of harm
HPRegen  0.19/turn              n - ring of protection from cold
MPRegen  0.13/turn              v - ring of protection from cold

@: flying
A: unchanging attributes, fangs 1, strong nose
a: no special abilities


You were on level 4 of the Dungeon.
You were not hungry.

You visited 1 branch of the dungeon, and saw 4 of its levels.

You collected 158 gold pieces.

Inventory:

Hand Weapons
 c - a +3 whip
 m - a +0 dagger of venom (weapon)
 x - a +0 blowgun
Missiles
 y - 28 poisoned needles
Armour
 a - a +0 robe (worn)
 j - a +0 cloak (worn)
 k - a +0 pair of gloves (worn)
Jewellery
 n - a ring of protection from cold (left hand)
 q - an amulet of harm (around neck)
 v - a ring of protection from cold (right hand)
Wands
 d - a wand of paralysis (0/24)
Scrolls
 e - a scroll of fog {unknown}
 f - 4 scrolls of remove curse
 g - a scroll of enchant armour {unknown}
 i - 6 scrolls of teleportation {unknown}
 l - 2 scrolls of fear {unknown}
 t - a scroll of enchant weapon {unknown}
 w - a scroll of magic mapping {unknown}
 z - 2 scrolls of identify {unknown}
 B - 2 scrolls of blinking {unknown}
 D - a scroll of amnesia {unknown}
Potions
 p - 2 potions of curing
 s - 2 potions of degeneration
 u - a potion of flight
 A - a potion of brilliance {unknown}
 E - a potion of haste
Books
 C - a book of Cantrips

   Spells                             Type                      Level
   a - Confusing Touch                Hexes                        1
   b - Animate Skeleton               Necromancy                   1
   c - Summon Small Mammal            Summoning                    1
   d - Apportation                    Translocation                1
Comestibles
 b - 4 bread rations
 h - 10 fruits
 o - 2 meat rations


   Skills:
 + Level 5.8 Fighting
 + Level 3.3 Armour
 + Level 5.6 Dodging
 - Level 2.4 Stealth
 * Level 6.4 Unarmed Combat
 + Level 4.1 Spellcasting
 + Level 1.1 Hexes


You had 13 spell levels left.
You knew the following spells:

 Your Spells              Type           Power        Failure   Level  Hunger
a - Confusing Touch       Hex            #.....       19%         1    ##.....


Dungeon Overview and Level Annotations

Branches:
Dungeon (4/15)
 Temple: D:4-7

Altars:
Makhleb
Trog


Innate Abilities, Weirdness & Mutations

Your physical attributes are unchanging.
You have very sharp teeth.
Your uncanny sense of smell can sniff out nearby items.


Message History

The ogre is lightly wounded.
The ogre hits you with a giant spiked club!!
You hit the ogre but do no damage.
The ogre is moderately wounded.
You barely miss the ogre.
The ogre is lightly wounded.
You hit the ogre.
The ogre looks even sicker.
The ogre is moderately wounded.
The ogre seems less confused.
The ogre hits you with a giant spiked club!!
* * * LOW HITPOINT WARNING * * *
It was a potion of degeneration.
There was something very wrong with that liquid.
The ogre barely misses you.
It was a potion of flight.
You feel very buoyant.
You fly up into the air.
It was a potion of magic.
Magic courses through your body.
The ogre hits you with a giant spiked club!
You die...

#.# #..#.# #.#### #.#
#..#.### #..... #.#
###..#...# ###### #.#
#....###.################
#.#
#.##.....................
#.#
#.##.###.################
#.# ##.##.# #.#
#.####.#.#.###.##
#.....###..##O@.##
######.#.#.......#
##.#####..).# #.# ##.#.#
#.######.#.######## ##
#.................# #.
#..........######.# #.
##.#####.#.# #.# #.
#.#####.#.# #.# #.


You could see an ogre.

Vanquished Creatures
  An ogre (D:4)
  2 crimson imps
  A jelly (D:4)
  An orc wizard (D:4)
  An orc priest (D:4)
  A worker ant (D:4)
  7 gnolls (D:4)
  6 adders
  A shadow imp (D:4)
  4 oozes
  An adder skeleton (D:4)
  3 worms
  6 dart slugs
  2 leopard geckos
  5 orcs
  9 giant cockroaches
  7 goblins
  9 hobgoblins
  9 jackals
  A quokka (D:3)
  5 bats
  4 frilled lizards
  9 kobolds
  8 rats
103 creatures vanquished.

Notes
Turn   | Place    | Note
-------+----------+-------------------------------------------
     0 | D:1      | suicidejoker the Gnoll Monk began the quest for the Orb.
     0 | D:1      | Reached XP level 1. HP: 19/19 MP: 1/1
    38 | D:1      | Reached skill level 1 in Spellcasting
   218 | D:1      | Reached XP level 2. HP: 25/25 MP: 3/3
   715 | D:1      | Reached skill level 1 in Armour
   743 | D:1      | Reached XP level 3. HP: 23/30 MP: 5/5
  1234 | D:2      | Reached XP level 4. HP: 36/38 MP: 7/7
  1248 | D:2      | Found a burning altar of Makhleb.
  1600 | D:2      | Reached skill level 5 in Unarmed Combat
  1724 | D:2      | Reached XP level 5. HP: 25/43 MP: 8/8
  2935 | D:3      | Reached skill level 5 in Fighting
  3387 | D:4      | Reached skill level 5 in Dodging
  3392 | D:4      | Reached XP level 6. HP: 9/51 MP: 10/10
  4323 | D:4      | Reached skill level 6 in Unarmed Combat
  5062 | D:4      | Noticed a moth of wrath
  5065 | D:4      | Found a bloodstained altar of Trog.
  5072 | D:4      | Learned a level 1 spell: Confusing Touch
  5225 | D:4      | Reached skill level 1 in Hexes
  5225 | D:4      | Reached XP level 7. HP: 41/57 MP: 10/13
  5495 | D:4      | Mangled by an ogre

Vault maps used:
D:1:      minmay_arrival_open_corners, st_stairs_9,
          hangedman_abyss_or_decor_stabs, minmay_bisected
D:2:      makhleb_grotto_becter
D:3:      first_bread
D:4:      tgw_trog

Skill      XL: |  1  2  3  4  5  6 |
---------------+-------------------+-----
Spellcasting   | 1 2 3 4 |  4.1
Armour         | 1 2 3 |  3.3
Unarmed Combat | 5 6 |  6.4
Fighting       | 5 |  5.8
Dodging        | 5 |  5.6
Hexes          | 1 |  1.1
Stealth        | |  2.4

Action                   |  1- 3 |  4- 6 |  7- 9 || total
-------------------------+-------+-------+-------++-------
Melee: Unarmed           |    14 |    70 |     9 ||    93
       Whip              |    96 |    66 |       ||   162
       Bite              |     2 |    13 |     3 ||    18
       Dagger            |       |   236 |    61 ||   297
       Punch             |       |     2 |       ||     2
 Fire: Blowgun           |       |       |    18 ||    18
 Cast: Confusing Touch   |       |     4 |     3 ||     7
Evoke: Wand              |       |     6 |       ||     6
  Use: Potion            |       |     4 |     3 ||     7
       Scroll            |       |     2 |       ||     2
 Stab: Sleeping          |     3 |     7 |       ||    10
       Paralysed         |       |    10 |       ||    10
       Confused          |       |       |     1 ||     1
  Eat: Chunk             |     1 |     9 |       ||    10
       Meat ration       |       |     1 |       ||     1
       Royal jelly       |       |     1 |       ||     1
Armor: Robe              |    19 |    68 |     9 ||    96
Dodge: Dodged            |    85 |   218 |    46 ||   349

Table legend:
 A = Spawn XP
 B = Non-spawn XP
 C = Spawn XP percentage of total XP
 D = Spawn monster count
 E = Non-spawn monster count
 F = Spawn count percentage of total count
 G = Total turns spent on level
                    A         B        C        D         E        F      G
               +---------+---------+-------+---------+---------+-------+---------
         Total |     198 |     561 |  26.1 |      15 |      88 |  14.6 |  5495
               +---------+---------+-------+---------+---------+-------+---------
           D:1 |       6 |      49 |  10.9 |       5 |      26 |  16.1 |  1169
           D:2 |       1 |     144 |   0.7 |       1 |      25 |   3.8 |  1188
           D:3 |       5 |      56 |   8.2 |       2 |      14 |  12.5 |  1016
           D:4 |     186 |     312 |  37.3 |       7 |      23 |  23.3 |  2122
               +---------+---------+-------+---------+---------+-------+---------
